 Dungeon Crawl Stone Soup version 0.24-a0-250-g6074511 (webtiles) character file.

Game seed: 18439773206228730500

190 Borgoz the Cutter (level 6, 0/37 HPs)
             Began as a Kobold Gladiator on Apr 14, 2019.
             Slain by a goblin
             ... wielding a +0 dagger
             ... led by Robin
              (1 damage)
             ... on level 3 of the Dungeon.
             The game lasted 00:04:01 (2214 turns).

Borgoz the Cutter (Kobold Gladiator)                Turns: 2214, Time: 00:04:02

Health: 0/37       AC:  4    Str: 13    XL:     6   Next: 1%
Magic:  6/6        EV: 17    Int:  9    God:
Gold:   143        SH:  0    Dex: 17    Spells: 5/5 levels left

rFire    + . .     SeeInvis .   a - +0 rapier
rCold    + . .     Gourm    .   (shield restricted)
rNeg     . . .     Faith    .   b - +0 leather armour
rPois    +         Spirit   .   c - +0 helmet
rElec    .         Reflect  .   w - scarf {rC+ rF+}
rCorr    .         Harm     .   (no gloves)
MR       .....                  (no boots)
Stlth    ++........             (no amulet)
HPRegen  0.12/turn              n - ring of poison resistance
MPRegen  0.10/turn              (no ring)

@: no status effects
A: small, carnivore
a: no special abilities


You were on level 3 of the Dungeon.
You were completely stuffed.

You visited 1 branch of the dungeon, and saw 3 of its levels.

You collected 143 gold pieces.

Inventory:

Hand Weapons
 a - a +0 rapier (weapon)
Missiles
 d - 2 throwing nets (quivered)
Armour
 b - a +0 leather armour (worn)
 c - a +0 helmet (worn)
 w - a scarf of resistance (worn)
Jewellery
 n - a ring of poison resistance (left hand)
Scrolls
 e - 6 scrolls of identify {unknown}
 g - a scroll of amnesia {unknown}
 i - 3 scrolls of fog {unknown}
 m - 2 scrolls of magic mapping {unknown}
 p - 4 scrolls of enchant armour {unknown}
 r - 2 scrolls of remove curse {unknown}
 u - a scroll of blinking {unknown}
Potions
 h - a potion of brilliance {unknown}
 j - a potion of flight {unknown}
 k - a potion of cancellation {unknown}
 l - a potion of heal wounds
 o - 2 potions of might {unknown}
 q - 2 potions of resistance {unknown}
 t - a potion of invisibility {unknown}
 v - a potion of curing {unknown}
Comestibles
 f - 4 rations
 s - 10 chunks of flesh


   Skills:
 + Level 3.3 Fighting
 + Level 5.1 Short Blades
 - Level 2.1 Throwing
 + Level 1.8 Armour
 + Level 4.6 Dodging
 + Level 3.0 Stealth


You had 5 spell levels left.
You didn't know any spells.
Your spell library was empty.

Dungeon Overview and Level Annotations

Branches:
Dungeon (3/15)

Altars:
Ru
Sif Muna


Innate Abilities, Weirdness & Mutations

You are small and have problems with some larger weapons.
You are carnivorous and can eat meat at any time.


Message History

The goblin barely misses you. The goblin hits you but does no damage.
The goblin barely misses you.
You miss the goblin. The goblin hits you but does no damage.
The goblin hits you with a +0 dagger.
* * * LOW HITPOINT WARNING * * *
The goblin hits you.
* * * LOW HITPOINT WARNING * * *
The goblin closely misses you. The goblin hits you but does no damage.
You hit the goblin.
The goblin is severely wounded.
The goblin misses you. The goblin hits you but does no damage.
The goblin hits you.
* * * LOW HITPOINT WARNING * * *
The goblin misses you. The goblin completely misses you.
You puncture the goblin!
You kill the goblin!
The goblin hits you.
* * * LOW HITPOINT WARNING * * *
The goblin barely misses you. The goblin hits you with a +0 dagger.
You die...

#. #..#########.# #. #..#
#.# #. #..# #.# #.##
#..##### #.# #...
#......# ###.### #.
##.###.# #....>†
######(####.###.###.#.###
......)gg).......##.#.###
####..g@g.......##.#....
#.)####............## #..
######.##...... #..
#.##.##### #.. #.##.# #
#.. #.##.# #
#..#########.##.# #
#...............#####
#########.##......


You could see 4 goblins.

Vanquished Creatures
  An orc priest (D:3)
  Robin (D:3)
  5 adders
  3 oozes
  3 worms
  12 orcs
  4 bats
  2 giant cockroaches
  7 hobgoblins
  9 jackals
  3 kobolds
  6 frilled lizards
  10 goblins
  6 rats
72 creatures vanquished.

Notes
Turn   | Place    | Note
-------+----------+-------------------------------------------
     0 | D:1      | Borgoz the Kobold Gladiator began the quest for the Orb.
     0 | D:1      | Reached XP level 1. HP: 12/12 MP: 1/1
   130 | D:1      | Reached XP level 2. HP: 18/18 MP: 2/2
   133 | D:1      | Reached skill level 1 in Stealth
   215 | D:1      | You fall through a shaft!
   230 | D:2      | Reached XP level 3. HP: 16/22 MP: 3/3
  1000 | D:2      | Found a sacrificial altar of Ru.
  1000 | D:2      | Found a deep blue altar of Sif Muna.
  1075 | D:2      | Reached skill level 1 in Armour
  1075 | D:2      | Reached XP level 4. HP: 24/27 MP: 4/4
  1679 | D:3      | Reached XP level 5. HP: 29/32 MP: 5/5
  1763 | D:3      | Reached skill level 5 in Short Blades
  2182 | D:3      | Noticed Robin
  2207 | D:3      | Killed Robin
  2207 | D:3      | Reached XP level 6. HP: 22/37 MP: 6/6
  2214 | D:3      | HP: 1/37 [goblin[Robin] (3)]
  2214 | D:3      | Slain by a goblin

Levels and vault maps discovered:
D:1:      wander_arrival_chamber, layout_basic, hangedman_feature_mirror,
          kennysheep_doodads
D:2:      layout_basic, gammafunk_temple_overflow_wave, first_ration
D:3:      layout_loops_ring, uniq_robin

Skill      XL: |  1  2  3  4  5 |
---------------+----------------+-----
Stealth        | 1 2 3 |  3.0
Dodging        | 4 |  4.6
Armour         | 1 |  1.8
Fighting       | 3 |  3.3
Short Blades   | 5 |  5.1
Throwing       | |  2.1

Action                   |  1- 3 |  4- 6 || total
-------------------------+-------+-------++-------
Melee: Rapier            |    98 |   153 ||   251
Throw: Throwing net      |       |     1 ||     1
  Use: Potion            |       |     1 ||     1
 Stab: Sleeping          |     2 |     4 ||     6
  Eat: Chunk             |     9 |     4 ||    13
Armor: Leather armour    |    19 |    42 ||    61
Dodge: Dodged            |    69 |   159 ||   228

Table legend:
 A = Non-vault XP
 B = Vault XP
 C = Vault XP percentage of total XP
 D = Non-vault monster count
 E = Vault monster count
 F = Vault count percentage of total count
                 A         B        C        D         E       F
            +---------+---------+-------+---------+---------+-------
      Total |     251 |      21 |   7.7 |      68 |       4 |   5.6
            +---------+---------+-------+---------+---------+-------
        D:1 |      33 |       0 |   0.0 |      17 |       0 |   0.0
        D:2 |      54 |       0 |   0.0 |      17 |       0 |   0.0
        D:3 |     164 |      21 |  11.4 |      34 |       4 |  10.5
            +---------+---------+-------+---------+---------+-------
